Map: Zen LE

Players

PartinG

  • Race: Protoss Protoss
  • League: Grandmaster
  • Spawn Location: 7:00

Reynor - Winner!

  • Race: Zerg Zerg
  • Spawn Location: 1:00

Event: Shopify TSL 5

VOD

Have the link to the VOD?

Description

Time

  • Played on: May 23, 2020, 10:17 a.m.
  • Length: 7:05

All games in this series

Show
View Real Time Build Order
Export as new Build Order

PartinG Protoss 

Build Orders: 1 Gate Expand, Dark Templar Rush 

Get SALT Encoding   

  12  0:01  Probe  
  13  0:13  Probe  
  14  0:18  Pylon  
  14  0:25  Probe  
  15  0:28  Assimilator  
  15  0:37  Probe (Chrono Boost)  
  16  0:43  Gateway  
  16  0:49  Probe (Chrono Boost)  
  17  0:54  Probe (Chrono Boost)  
  18  1:05  Probe  
  19  1:17  Probe  
  20  1:24  Nexus  
  20  1:34  Cybernetics Core  
  20  1:38  Probe  
  21  1:42  Assimilator  
  21  1:50  Probe  
  21  1:52  Pylon  
  22  2:02  Probe (Chrono Boost)  
  23  2:08  Stalker (Chrono Boost)  
  23  2:10  Warp Gate  
  23  2:14  Probe (Chrono Boost)  
  26  2:19  Probe (Chrono Boost)  
  27  2:23  Twilight Council  
  27  2:29  Probe (Chrono Boost)  
  29  2:37  Probe (Chrono Boost)  
  29  2:41  Robotics Facility  
  30  2:46  Probe (Chrono Boost)  
  30  2:47  Probe (Chrono Boost)  
  31  2:51  Probe (Chrono Boost)  
  31  2:52  Probe  
  33  3:03  Probe  
  33  3:04  Probe, Dark Shrine  
  35  3:12  Gateway  
  35  3:16  Gateway  
  35  3:18  Probe  
  35  3:19  Probe  
  37  3:25  Warp Prism (Chrono Boost)  
  37  3:31  Probe  
  37  3:33  Probe  
  41  3:37  Assimilator  
  41  3:41  Assimilator  
  41  3:43  Pylon  
  41  3:45  Probe  
  41  3:46  Probe  
  43  3:51  Pylon  
  43  3:57  Probe  
  43  3:58  Observer, Probe  
  46  4:09  Probe  
  47  4:10  Probe  
  47  4:16  Dark Templar x3  
  54  4:21  Pylon  
  54  4:22  Pylon  
  54  4:23  Shadow Stride (Chrono Boost)  
  52  4:36  Cybernetics Core, Pylon  
  52  4:41  Dark Templar  
  52  4:43  Probe x2  
  56  4:47  Dark Templar  
  56  4:49  Observer  
  58  4:53  Pylon  
  58  4:57  Probe x2  
  60  5:00  Dark Templar  
  60  5:03  Gateway  
  60  5:04  Gateway  
  62  5:15  Dark Templar  
  62  5:20  Gateway  
  63  5:31  Probe x2  
  65  5:37  Dark Templar x2  
  65  5:41  Pylon  
  69  5:44  Forge  
  69  5:52  Sentry  
  71  6:01  Sentry, Zealot  
  69  6:21  Probe x2  
  69  6:25  Sentry x2  
  73  6:26  Zealot x4  
  81  6:40  Nexus  
  81  6:42  Pylon  
  81  6:43  Pylon  
  81  6:44  Probe x2  
  79  6:50  Stalker x2  
  79  6:51  Stalker x4  
  79  7:00  Photon Cannon  
Show
View Real Time Build Order
Export as new Build Order

Reynor Zerg - Winner!

Build Orders: Hatch First 

Get SALT Encoding   

  12  0:00  Drone  
  13  0:12  Overlord  
  13  0:17  Drone  
  14  0:30  Drone x2  
  16  0:49  Hatchery  
  15  0:52  Drone  
  15  0:55  Drone  
  17  0:58  Drone  
  18  1:09  Extractor  
  17  1:14  Spawning Pool  
  17  1:17  Drone  
  17  1:21  Drone  
  18  1:27  Drone  
  19  1:38  Drone  
  20  1:49  Overlord  
  21  2:01  Queen x2, Drone x2  
  26  2:10  Zergling x2  
  26  2:12  Zergling x2  
  28  2:21  Drone  
  28  2:22  Drone  
  30  2:32  Hatchery  
  30  2:33  Metabolic Boost  
  30  2:35  Drone  
  30  2:38  Drone  
  30  2:43  Drone  
  32  2:47  Overlord  
  32  2:52  Queen  
  32  2:56  Drone  
  32  2:57  Drone  
  36  3:05  Drone x2  
  36  3:11  Drone x2  
  38  3:13  Zergling x2  
  38  3:14  Queen  
  38  3:16  Zergling x2  
  38  3:19  Overlord  
  43  3:27  Zergling x2  
  43  3:30  Drone  
  44  3:37  Queen, Drone  
  44  3:40  Overlord  
  47  3:43  Drone x4  
  47  3:46  Zergling x6  
  54  3:56  Spore Crawler, Lair  
  54  3:58  Spore Crawler  
  54  3:59  Drone  
  53  4:03  Spore Crawler  
  53  4:08  Zergling x6  
  53  4:09  Zergling x2  
  56  4:10  Zergling x2  
  56  4:13  Zergling x2  
  56  4:14  Zergling x2  
  59  4:17  Overlord  
  59  4:19  Zergling x2  
  59  4:20  Zergling x2  
  59  4:31  Drone x3  
  59  4:32  Drone x3  
  59  4:37  Drone x3  
  59  4:38  Drone x2  
  70  4:40  Drone  
  71  4:47  Roach Warren  
  71  4:50  Overlord  
  71  4:52  Zergling x4  
  70  4:56  Zergling x6  
  72  5:02  Queen, Spore Crawler, Overseer  
  72  5:05  Overlord  
  73  5:10  Extractor, Evolution Chamber, Drone x2  
  73  5:11  Extractor  
  72  5:14  Zergling x2  
  72  5:15  Zergling x4  
  75  5:22  Overlord  
  75  5:29  Roach x6  
  75  5:33  Roach  
  89  5:37  Overlord  
  89  5:39  Overlord  
  89  5:42  Spine Crawler  
  88  5:44  Roach x2  
  88  5:45  Roach  
  88  5:47  Overseer  
  88  5:49  Roach  
  96  5:53  Roach  
  96  5:54  Overlord  
  96  5:56  Roach  
  99  6:05  Drone x4  
  99  6:10  Roach x3  
  109  6:17  Drone x3  
  112  6:23  Overseer  
  112  6:26  Roach x2  
  112  6:28  Drone x2  
  112  6:29  Drone  
  112  6:31  Drone  
  112  6:32  Extractor  
  118  6:33  Drone  
  119  6:41  Drone x3  
  119  6:44  Drone x2  
  119  6:45  Drone  
  119  6:47  Drone  
  121  6:49  Drone  
  119  6:58  Extractor  
Tags
 
Add a new tag
Caveats
  • Supply blocks, unpowered buildings, or Contaminate may cause inaccurate times.
  • Supply counts are checked every 10 seconds.